 Dungeon Crawl Stone Soup version 0.27.1-36-g1b1ada6b1e (webtiles) character file.

Game seed: 9729599589695278067

58 tkbsonic5 the Skirmisher (level 3, -5/35 HPs)
             Began as a Minotaur Fighter on Feb 9, 2023.
             Slain by Sigmund (6 damage)
             ... on level 2 of the Dungeon.
             The game lasted 00:03:26 (1077 turns).

tkbsonic5 the Skirmisher (Minotaur Fighter)         Turns: 1077, Time: 00:03:27

Health: -5/35      AC:  6    Str: 21    XL:     3   Next: 75%
Magic:  11/11      EV:  7    Int:  5    God:
Gold:   64         SH:  9    Dex:  9    Spells: 2/2 levels left

rFire    . . .     SeeInvis .   a - +0 war axe
rCold    . . .     Faith    .   c - +0 kite shield
rNeg     . . .     Spirit   .   b - +0 scale mail
rPois    .         Reflect  .   (helmet restricted)
rElec    .         Harm     .   (no cloak)
rCorr    .         Rampage  .   (no gloves)
Will     .....                  (no boots)
Stlth    ..........             (no amulet)
HPRegen  0.11/turn              g - ring of magical power
MPRegen  0.12/turn              (no ring)

@: mighty, brilliant
A: horns 2, retaliatory headbutt
a: no special abilities


You were on level 2 of the Dungeon.
You visited 1 branch of the dungeon, and saw 2 of its levels.

You collected 64 gold pieces.

Inventory:

Hand Weapons
 a - a +0 war axe (weapon)
Armour
 b - a +0 scale mail (worn)
 c - a +0 kite shield (worn)
 i - a +0 pair of gloves
Jewellery
 g - a ring of magical power (left hand)
Scrolls
 e - a scroll of vulnerability {unknown}
 f - a scroll of immolation {unknown}
Potions
 j - a potion of curing {unknown}


   Skills:
 * Level 4.8 Fighting
 * Level 3.9 Axes
 - Level 3.6 Armour
 - Level 3.6 Shields


You had 2 spell levels left.
You didn't know any spells.
Your spell library contained the following spells:

 Spells                   Type           Power      Damage    Failure   Level
 Corpse Rot               Necr/Air       N/A        N/A       100%        2
 Poisonous Vapours        Pois/Air       0%         N/A       100%        2
 Freezing Cloud           Conj/Ice/Air   0%         6-21      100%        5


Dungeon Overview and Level Annotations

Branches:
Dungeon (2/15)

Altars:

Annotations:
D:2 Sigmund


Innate Abilities, Weirdness & Mutations

You have a pair of horns on your head.
You reflexively headbutt those who attack you in melee.


Message History

You miss the adder. The adder bites you but does no damage.
The adder barely misses you.
You miss the adder. You headbutt the adder!
The adder is almost dead.
You block the adder's attack. The adder bites you.
You miss the adder.
The adder is almost dead.
The adder closely misses you. x2
You closely miss the adder. You headbutt the adder.
You kill the adder!
No target in view!
A worm comes into view.
You see here a black potion.
j - a black potion A worm is nearby!
Sigmund the Dreaded comes into view.
He is wielding a +0 scythe.
You hit the worm.
The worm is lightly wounded.
Sigmund says, "Don't worry, I'll kill you fast."
You block the worm's attack.
Sigmund casts a spell.
Sigmund flickers and vanishes!
Deactivating autopickup; reactivate with Ctrl-A.
You feel very mighty all of a sudden. The worm bites you but does no damage.
Something hits you but does no damage.
You slash the worm! You headbutt the worm.
You kill the worm!
Something hits you!
Found a scroll labelled NENGULL QUKUA.
You closely miss something. Your headbutt misses something.
Something hits you but does no damage.
You barely miss something. Something hits you.
You barely miss something. You headbutt something! Something hits you!
It was a potion of brilliance.
You feel clever all of a sudden. Something hits you!
* * * LOW HITPOINT WARNING * * *
Your shield and scale mail prevent you from hitting something.
You headbutt something! Something hits you.
You die...

##.# ## .?.#...
......#... #.##
.. ....... ....
##.. ......#
##..# #.. ......#
...###.##
##.###.....#
##.....#..
#..#.@{....# ...#
#.###>#..#.#.....
<#.#
#.##....##... ##.
#..# ##.##..###
...# #.##
#..#...# ...# ..#
#.#..#.# .#.#
.######.#.##.#
...#
..#.......##.#
##.#
..#.###.####.#


There were no monsters in sight!

Vanquished Creatures
  2 adders (D:2)
  2 worms (D:2)
  2 dart slugs (D:1)
  3 endoplasms (D:1)
  2 goblins (D:1)
  2 hobgoblins (D:1)
  7 jackals (D:1)
  A quokka (D:1)
  2 bats
  3 frilled lizards (D:1)
  A kobold (D:1)
  3 rats
30 creatures vanquished.

Notes
Turn   | Place    | Note
-------+----------+-------------------------------------------
     0 | D:1      | tkbsonic5 the Minotaur Fighter began the quest for the Orb.
     0 | D:1      | Reached XP level 1. HP: 19/19 MP: 0/0
   271 | D:1      | Reached skill level 4 in Fighting
   271 | D:1      | Reached XP level 2. HP: 27/27 MP: 1/1
   738 | D:1      | Reached XP level 3. HP: 34/34 MP: 2/2
  1066 | D:2      | Noticed Sigmund
  1076 | D:2      | HP: 1/35 [something (12)]
  1077 | D:2      | Slain by Sigmund

Illustrated notes

Levels and vault maps discovered:
D:1:      denvon_arrival_planthouse, layout_loops_corners
D:2:      layout_rooms, basic_altar, uniq_sigmund

Skill      XL: |  1  2 |
---------------+-------+-----
Fighting       | 4 |  4.8
Axes           | 3 |  3.9
Armour         | |  3.6
Shields        | |  3.6

Action                   || total
-------------------------++-------
Melee: War axe           ||    68
       Headbutt          ||    12
  Use: Potion            ||     2
Armor: Scale mail        ||    30
Dodge: Dodged            ||    26
Block: Kite shield       ||    30
